 Dungeon Crawl Stone Soup version 0.31-a0-252-gc4385922b5 (webtiles) character file.

Game seed: 11925619798931990385

13 qw the Shooter (level 2, 0/16 HPs)
             Began as a Gargoyle Hexslinger on July 12, 2023.
             Slain by a kobold
             ... wielding a +0 short sword
              (3 damage)
             ... on level 1 of the Dungeon.
             The game lasted 00:00:05 (141 turns).

qw the Shooter (Gargoyle Hexslinger)                 Turns: 141, Time: 00:00:06

Health: 0/16       AC:  4    Str: 11    XL:     2   Next: 37%
Magic:  3/3        EV: 12    Int: 13    God:
Gold:   22         SH:  0    Dex: 12    Spells: 2/3 levels left

rFire   . . .        a - +1 sling
rCold   . . .        (no shield)
rNeg    + . .        c - +0 robe
rPois   inf          (no helmet)
rElec   +            (no cloak)
rCorr   .            (no gloves)
SInv    .            (no boots)
Will    .....        (no amulet)
Stlth   +            (no ring)
HPRegen 0.22/turn    (no ring)
MPRegen 0.08/turn

%: no passive effects
@: no status effects
A: sickness immunity, AC +2, negative energy resistance 1, electricity
resistance, torment resistance 1, petrification resistance
a: no special abilities


You were on level 1 of the Dungeon.
You visited 1 branch of the dungeon, and saw 1 of its levels.

You collected 22 gold pieces.


Innate Abilities, Weirdness & Mutations

You are immune to sickness and miasma.
Your stone body is resilient. (AC +2)
You are immune to poison.
You resist negative energy. (rN+)
You are resistant to electric shocks. (rElec)
You are resistant to unholy torment.
You are immune to petrification.


   Skills:
 + Level 1.1 Fighting
 - Level 3.0 Ranged Weapons
 - Level 1.5 Dodging
 - Level 1.0 Spellcasting
 - Level 2.6 Hexes


You had 2 spell levels left.
You knew the following spells:

 Your Spells              Type           Power      Damage    Failure   Level
a - Slow                  Hex            28%        N/A       10%         1

Your spell library contained the following spells:

 Spells                   Type           Power      Damage    Failure   Level
 Inner Flame              Hex/Fire       4%         N/A       43%         3
 Portal Projectile        Hex/Tloc       8%         N/A       43%         3
 Cause Fear               Hex            3%         N/A       67%         4

Inventory:

Hand Weapons
 a - a +1 sling (weapon)
Armour
 c - a +0 robe (worn)
 e - a +0 ring mail
Scrolls
 b - a scroll of poison
 d - a scroll of acquirement {unknown}

Dungeon Overview and Level Annotations

Branches:
Dungeon (1/15)

Altars:

Shops:
D:1 (


Message History

The kobold barely misses you.
A giant cockroach comes into view.
The ball python misses you. The ball python barely misses you.
You shoot a sling bullet.
The sling bullet closely misses the ball python.
The sling bullet hits the kobold!
You kill the kobold!
The giant cockroach waves its antennae.
The kobold closely misses you.
The ball python bites you but does no damage.
The ball python grabs you. The ball python constricts you.
The kobold closely misses you.
You shoot a sling bullet. The sling bullet hits the ball python!
You kill the ball python!
The kobold hits you but does no damage.
You shoot a sling bullet. The sling bullet hits the endoplasm!
You kill the endoplasm!
The kobold barely misses you.
Your Ranged Weapons skill increases to level 3!
You shoot a sling bullet. The sling bullet hits the endoplasm.
The endoplasm is lightly wounded.
The endoplasm freezes you.
You are frozen.
The kobold barely misses you.
The endoplasm hits you but does no damage.
The kobold barely misses you.
You shoot a sling bullet. The sling bullet hits the endoplasm.
The endoplasm is moderately wounded.
The endoplasm barely misses you. The kobold closely misses you.
You shoot a sling bullet. The sling bullet hits the endoplasm.
The endoplasm is almost dead.
The endoplasm freezes you.
You are frozen.
The kobold hits you with a +0 short sword.
You shoot a sling bullet.
The sling bullet barely misses the endoplasm.
The sling bullet hits the giant cockroach but does no damage.
The endoplasm freezes you.
You are frozen.
The kobold hits you with a +0 short sword.
You die...

#.|...........
+..^...}...... ####
#............. .\...
####.......### .....
#.......# ......
###...### ..[...#
#...# [?....K####
#...#
#..BJ@..############ #
#...###............###
#.# ############..##
.. ##>.. # #.## #.#
#.# #.# #.#


You could see an endoplasm, a giant cockroach and a kobold.

Vanquished Creatures
  A dart slug (D:1)
  A ball python (D:1)
  2 endoplasms (D:1)
  2 goblins (D:1)
  2 kobolds (D:1)
  A frilled lizard (D:1)
9 creatures vanquished.

Notes
Turn   | Place    | Note
-------+----------+-------------------------------------------
     0 | D:1      | qw the Gargoyle Hexslinger began the quest for the Orb.
     0 | D:1      | Reached XP level 1. HP: 12/12 MP: 2/2
     0 | D:1      | 0 ||| qw: Version: 0.3-a-52-g30416fa
     0 | D:1      | 0 ||| qw: Game counter: 6626
     0 | D:1      | 0 ||| qw: Melee chars always use a shield: true
     0 | D:1      | 0 ||| qw: God list: Okawaru
     0 | D:1      | 0 ||| qw: Allow faded altars: false
     0 | D:1      | 0 ||| qw: Do Orc after clearing Dungeon:15 true
     0 | D:1      | 0 ||| qw: Do second Lair branch before Depths: true
     0 | D:1      | 0 ||| qw: Lair rune preference: random
     0 | D:1      | 0 ||| qw: Goals: Normal
     0 | D:1      | 0 ||| PLANNING D:1-11
   121 | D:1      | Found Nufirih's Weapon Emporium.
   134 | D:1      | Reached XP level 2. HP: 12/16 MP: 3/3
   138 | D:1      | Reached skill level 3 in Ranged Weapons
   141 | D:1      | HP: 3/16 [frozen (4)]
   141 | D:1      | Slain by a kobold

Levels and vault maps discovered:
D:1:      minmay_arrival_cross, layout_basic, serial_shops, shop, minmay_vboxes

Skill      XL: |  1  2 |
---------------+-------+-----
Ranged Weapons | 3 |  3.0
Fighting       | |  1.1
Dodging        | |  1.5
Spellcasting   | |  1.0
Hexes          | |  2.6

Action                     || total
---------------------------++-------
   Fire: Sling             ||    29
 Armour: Robe              ||     7
  Dodge: Dodged            ||    25

Table legend:
 A = Non-vault XP
 B = Vault XP
 C = Vault XP percentage of total XP
 D = Non-vault monster count
 E = Vault monster count
 F = Vault count percentage of total count
                 A         B        C        D         E       F
            +---------+---------+-------+---------+---------+-------
      Total |      15 |       4 |  21.1 |       7 |       2 |  22.2
            +---------+---------+-------+---------+---------+-------
        D:1 |      15 |       4 |  21.1 |       7 |       2 |  22.2
            +---------+---------+-------+---------+---------+-------
